 Dungeon Crawl Stone Soup version 0.22.1-2-g9c5b331383 (webtiles) character file.

13529 Rediskos the Cleaver (level 11, -4/101 HPs)
             Began as a Minotaur Berserker on Nov 17, 2018.
             Was a Priest of Trog.
             Shot with a bolt by an orc knight (13 damage)
             ... on level 2 of the Orcish Mines on Nov 25, 2018.
             The game lasted 00:26:15 (8113 turns).

Rediskos the Cleaver (Minotaur Berserker)           Turns: 8113, Time: 00:26:15

Health: -4/101     AC: 18    Str: 24    XL:     11   Next: 76%
Magic:  0/4        EV:  9    Int:  4    God:    Trog [***...]
Gold:   987        SH:  4    Dex: 11    Spells: 10/10 levels left

rFire    . . .     SeeInvis .   J - +2 battleaxe (antimagic)
rCold    . . .     Gourm    .   (shield currently unavailable)
rNeg     . . .     Faith    .   F - +0 plate armour
rPois    .         Spirit   +   (helmet restricted)
rElec    .         Reflect  +   d - scarf {Spirit}
rCorr    .         Harm     .   e - +0 pair of gloves
MR       ++...                  D - +1 pair of boots
Stlth    ..........             a - +4 amulet of reflection
HPRegen  1.26/turn              v - ring of flight
MPRegen  0.09/turn              (no ring)

@: berserk cooldown, regenerating, slowed, very slow
A: retaliatory headbutt, horns 2
a: Berserk, Trog's Hand, Renounce Religion, Evoke Flight


You were on level 2 of the Orcish Mines.
You worshipped Trog.
Trog was most pleased with you.
You were very hungry.

You visited 2 branches of the dungeon, and saw 12 of its levels.

You collected 1365 gold pieces.
You spent 378 gold pieces at shops.

Inventory:

Hand Weapons
 J - a +2 antimagic battleaxe (weapon)
 L - a +0 morningstar
Missiles
 w - 4 steel javelins (quivered)
Armour
 d - a scarf of spirit shield (worn)
 e - a +0 pair of gloves (worn)
 D - a +1 pair of boots (worn)
 F - a +0 plate armour (worn)
Jewellery
 a - a +4 amulet of reflection (around neck)
 v - a ring of flight (left hand)
Wands
 h - a wand of acid (10)
 j - a wand of digging (23)
 B - a wand of random effects (15)
 C - a wand of flame (50)
 E - a wand of paralysis (11)
Scrolls
 k - 2 scrolls of enchant weapon {unknown}
 m - a scroll of fog {unknown}
 n - 2 scrolls of immolation {unknown}
 p - 3 scrolls of teleportation {unknown}
 t - a scroll of amnesia {unknown}
 u - 2 scrolls of remove curse
 y - a scroll of fear {unknown}
 G - 2 scrolls of magic mapping {unknown}
Potions
 b - 7 potions of brilliance
 f - 2 potions of agility
 g - a potion of might
 i - a potion of flight
 l - 2 potions of magic
 o - 2 potions of ambrosia {unknown}
 q - a potion of berserk rage {unknown}
 r - 5 potions of lignification
 s - a potion of curing {unknown}
 x - a potion of resistance {unknown}
 z - a potion of degeneration {unknown}
 A - a potion of heal wounds
 H - a potion of haste {unknown}
Miscellaneous
 I - a box of beasts
Comestibles
 c - 28 rations
 K - 19 chunks of flesh


   Skills:
 + Level 10.8 Fighting
 * Level 14.2 Axes
 + Level 2.2 Throwing
 - Level 10.0 Armour
 - Level 6.0 Dodging
 + Level 6.3 Evocations


You had 10 spell levels left.
You didn't know any spells.
Your spell library was empty.

Dungeon Overview and Level Annotations

Branches:
Dungeon (10/15)            Temple (0/1) D:4            Lair (0/6) D:10
    Orc (2/2) D:9             Elf (0/3) Orc:2

Altars:
Ashenzari
Elyvilon
Fedhas
Kikubaaqudgha
Makhleb
Okawaru
Qazlal
Ru
Sif Muna
Trog
Uskayaw
Vehumet
Xom
Zin

Shops:
D:9 =   D:10 :   Orc:2 }


Innate Abilities, Weirdness & Mutations

You reflexively headbutt those who attack you in melee.
You have a pair of horns on your head.


Message History

The troll shouts!
You hear a shout!
You block the orc's attack.
The orc warrior unwields an uncursed arbalest.
The orc warrior wields an uncursed battleaxe.
The orc warrior closely misses you. The orc barely misses you.
The orc warrior unwields an uncursed arbalest.
The orc warrior wields an uncursed battleaxe.
The orc warrior closely misses you. You furiously retaliate!
You headbutt the orc warrior!
Things that are here:
an arbalest; an uncursed great mace; 22 bolts You miss the orc warrior.
The orc warrior is lightly wounded.
You hit the orc. You closely miss the orc warrior.
The orc warrior shoots a bolt.
The bolt hits you!
* * * LOW HITPOINT WARNING * * *
The orc knight unwields an uncursed broad axe.
The orc knight wields an uncursed arbalest.
The orc knight shoots a bolt.
The bolt hits you!
You die...

.......................o.oo
...........(......o..ooo.o
............(..#....o≈≈≈≈##
...............#......≈≈≈≈###
.#..............o....)..≈≈≈≈##
#.............o#..........≈≈≈#
.............oo##..........≈≈#
....#........())##o.##(.##.(.#
.........)....(o@oc..((.......
.......)....(.(.(o...(........
.......(........(.....).......
.......(...(..(.(.((.(........
.......(.).....(..............
....$...[)....(.(.............
.......).......$(.....T.......
..............................
.............................


You could see an orc knight, a troll, 4 orc warriors, a centaur and 2 orcs.

Vanquished Creatures
  Snorg (Orc:1)
  A two-headed ogre (D:10)
  An orc high priest (Orc:1)
  An orc knight (Orc:2)
  An ugly thing (D:7)
  2 orc sorcerers
  A cyclops (Orc:1)
  A hornet (D:9)
  A hippogriff (D:8)
  Sigmund (D:2)
  4 hogs (D:7)
  5 humans (D:7)
  3 hungry ghosts
  Grum (D:10)
  3 wargs (D:10)
  2 two-headed ogre zombies (D:9)
  2 sky beasts
  14 orc warriors
  4 phantoms
  A necrophage (D:8)
  7 ogres
  2 wolves (D:10)
  11 centaurs
  A big kobold (D:10)
  6 bullfrogs
  4 scorpions
  10 killer bees
  2 howler monkeys
  2 crimson imps
  A lava snake (D:8)
  A quasit (D:4)
  3 bullfrog zombies
  A centaur zombie (D:8)
  A jelly (D:8)
  2 hounds
  5 bullfrog skeletons
  12 orc priests
  A centaur skeleton (D:4)
  10 orc wizards
  7 worker ants
  4 iguanas
  A killer bee zombie (D:10)
  6 ogre zombies (D:9)
  2 hound zombies
  A hound skeleton (D:8)
  A worker ant zombie (D:9)
  7 gnolls
  12 adders
  2 shadow imps
  An ooze (D:3)
  An adder skeleton (D:4)
  4 dart slugs
  6 worms
  3 leopard geckos
  53 orcs
  2 giant cockroaches
  9 goblins
  4 hobgoblins
  11 jackals
  3 quokkas
  A ball python (D:4)
  7 bats
  5 frilled lizards
  A goblin skeleton (D:9)
  3 goblin zombies (D:9)
  2 hobgoblin skeletons (D:9)
  2 hobgoblin zombies (D:9)
  12 kobolds
  5 orc skeletons (D:9)
  12 orc zombies (D:9)
  A quokka zombie (D:5)
  5 rats
328 creatures vanquished.

Vanquished Creatures (others)
  An orc (Orc:2)
1 creature vanquished.

Grand Total: 329 creatures vanquished

Notes
Turn   | Place    | Note
-------+----------+-------------------------------------------
     0 | D:1      | Rediskos the Minotaur Berserker began the quest for the
                  | Orb.
     0 | D:1      | Reached XP level 1. HP: 19/19 MP: 0/0
    57 | D:1      | Reached XP level 2. HP: 26/27 MP: 1/1
    82 | D:1      | Reached skill level 4 in Axes
   560 | D:2      | Reached XP level 3. HP: 29/33 MP: 2/2
   580 | D:2      | Reached ** piety under Trog
   994 | D:2      | Noticed Sigmund
  1006 | D:2      | Killed Sigmund
  1006 | D:2      | Reached skill level 5 in Axes
  1006 | D:2      | Reached XP level 4. HP: 41/41 MP: 3/3
  1006 | D:2      | Reached XP level 5. HP: 47/47 MP: 4/4
  1663 | D:3      | Found a faded altar of an unknown god.
  1702 | D:3      | Reached XP level 6. HP: 52/55 MP: 5/5
  1880 | D:3      | Reached skill level 5 in Fighting
  1904 | D:3      | Reached skill level 6 in Axes
  2103 | D:3      | Reached *** piety under Trog
  2136 | D:3      | Found a glowing silver altar of Zin.
  2576 | D:4      | Found an ancient bone altar of Kikubaaqudgha.
  2579 | D:4      | Reached XP level 7. HP: 49/61 MP: 6/6
  2776 | D:4      | Found a staircase to the Ecumenical Temple.
  2883 | D:5      | Entered Level 5 of the Dungeon
  2920 | D:5      | Reached skill level 7 in Axes
  3050 | D:5      | Found a sacrificial altar of Ru.
  3051 | D:5      | Found a radiant altar of Vehumet.
  3051 | D:5      | Found a shimmering altar of Xom.
  3051 | D:5      | Found a shattered altar of Ashenzari.
  3058 | D:5      | Found a bloodstained altar of Trog.
  3061 | D:5      | Found a deep blue altar of Sif Muna.
  3099 | D:5      | Found a hide-covered altar of Uskayaw.
  3251 | D:5      | Reached skill level 5 in Armour
  3432 | D:6      | Found a burning altar of Makhleb.
  3491 | D:6      | Found an iron altar of Okawaru.
  3494 | D:6      | Noticed a hungry ghost
  3509 | D:6      | Killed a hungry ghost
  3509 | D:6      | Reached skill level 5 in Dodging
  3509 | D:6      | Reached XP level 8. HP: 66/70 MP: 5/7
  3721 | D:7      | Reached skill level 8 in Axes
  3827 | D:7      | Noticed a green ugly thing
  3833 | D:7      | Killed a green ugly thing
  3833 | D:7      | Reached skill level 9 in Axes
  3833 | D:7      | Reached skill level 1 in Evocations
  3975 | D:7      | Reached XP level 9. HP: 77/79 MP: 7/9
  4283 | D:7      | Reached **** piety under Trog
  4330 | D:7      | Reached skill level 10 in Axes
  4578 | D:8      | Found a stormy altar of Qazlal.
  4578 | D:8      | Found a blossoming altar of Fedhas.
  4680 | D:8      | Found a burning altar of Makhleb.
  4713 | D:8      | Reached skill level 11 in Axes
  4877 | D:8      | Found a white marble altar of Elyvilon.
  4901 | D:8      | Reached XP level 10. HP: 85/90 MP: 9/11
  5065 | D:8      | You fall through a shaft for 2 floors!
  5065 | D:10     | Entered Level 10 of the Dungeon
  5239 | D:10     | Noticed Grum
  5395 | D:10     | Found a staircase to the Lair.
  5395 | D:10     | Noticed a two-headed ogre
  5417 | D:9      | Reached ***** piety under Trog
  5584 | D:9      | Reached skill level 12 in Axes
  5740 | D:9      | Found a staircase to the Orcish Mines.
  5776 | D:9      | Received a gift from Trog
  5814 | D:9      | Found Qisekh's Jewellery Shoppe.
  5831 | D:9      | Bought a +4 amulet of reflection for 378 gold pieces
  5851 | D:9      | Paralysed by a hornet for 3 turns
  6240 | D:10     | Reached skill level 5 in Evocations
  6253 | D:10     | Killed Grum
  6394 | D:10     | Found Xukaraz's Book Emporium.
  6467 | D:10     | Killed a two-headed ogre
  6467 | D:10     | Reached XP level 11. HP: 27/99 MP: 0/13
  6847 | D:10     | Reached skill level 13 in Axes
  6889 | Orc:1    | Entered Level 1 of the Orcish Mines
  6892 | Orc:1    | Noticed an orc high priest
  6894 | Orc:1    | Noticed an orc sorcerer
  6899 | Orc:1    | Noticed a sixfirhy
  6902 | Orc:1    | Killed an orc high priest
  6902 | Orc:1    | Reached skill level 10 in Fighting
  6908 | Orc:1    | Killed an orc sorcerer
  7150 | Orc:1    | Noticed Snorg
  7170 | Orc:1    | Killed Snorg
  7170 | Orc:1    | Reached skill level 10 in Armour
  7177 | Orc:1    | Received a gift from Trog
  7718 | Orc:2    | Entered Level 2 of the Orcish Mines
  7718 | Orc:2    | Found a staircase to the Elven Halls.
  7724 | Orc:2    | Noticed an orc sorcerer
  7736 | Orc:2    | Killed an orc sorcerer
  7736 | Orc:2    | Reached skill level 1 in Throwing
  7964 | Orc:2    | Found Xiuva's Gadget Shop.
  8053 | Orc:2    | Reached skill level 14 in Axes
  8082 | Orc:2    | Noticed an orc knight
  8082 | Orc:2    | Noticed an orc knight
  8111 | Orc:2    | Killed an orc knight
  8113 | Orc:2    | Shot with a bolt by an orc knight

Skill      XL: |  1  2  3  4  5  6  7  8  9 10 11 |
---------------+----------------------------------+-----
Axes           | 4 5 6 7 9 11 12 14 | 14.2
Fighting       | 4 5 6 7 8 9 10 | 10.8
Armour         | 3 4 5 6 8 9 10 | 10.0
Dodging        | 3 4 5 6 |  6.0
Evocations     | 1 3 5 6 |  6.3
Throwing       | 2 |  2.2

Action                   |  1- 3 |  4- 6 |  7- 9 | 10-12 || total
-------------------------+-------+-------+-------+-------++-------
Melee: Hand axe          |    91 |   123 |    27 |       ||   241
       Headbutt          |    11 |    22 |    46 |    78 ||   157
       War axe           |       |       |   178 |   154 ||   332
       Battleaxe         |       |       |       |   190 ||   190
Invok: Berserk           |     1 |     3 |     6 |     7 ||    17
       Trog's Hand       |       |     1 |     3 |    30 ||    34
  Use: Scroll            |       |       |     8 |     2 ||    10
       Potion            |       |       |       |     1 ||     1
  Eat: Chunk             |       |     8 |    15 |    26 ||    49
       Ration            |       |       |     1 |       ||     1
Armor: Ring mail         |    24 |    47 |    42 |       ||   113
       Animal skin       |     1 |       |       |       ||     1
       Plate armour      |       |       |    39 |   255 ||   294
Dodge: Dodged            |    41 |    92 |   113 |   177 ||   423
Block: Other             |       |       |       |    39 ||    39
       Reflection        |       |       |       |    11 ||    11
